Workbook

Sheet 封面
A1: 附件1
A9: 2024年鹤山市本级一般公共预算 调整表
A21: 编制单位：鹤山市财政局 | I21: 编制日期：2024年 月 日

Sheet 总表
A1: 附件1-1
A2: 2024年鹤山市本级一般公共预算调整情况表
J3: 单位：万元
A4: 收入项目 | F4: 支出项目
A5: 科目号 | B5: 科目名称 | C5: 2024年预算 | D5: 第二次调整 | F5: 科目号 | G5: 科目名称 | H5: 2024年预算 | I5: 第二次调整
D6: 调整金额 | E6: 调整后 预算数 | I6: 调整金额 | J6: 调整后 预算数
A7: 一、一般公共预算收入 | C7: =本级一般公共预算收入!C6 -> 264083 | D7: =E7-C7 -> 0 | E7: =本级一般公共预算收入!E6 -> 264083 | F7: 一、一般公共预算支出 | H7: ='本级一般预算支出-功能'!C7 -> 347865 | I7: =J7-H7 -> 9205 | J7: ='本级一般预算支出-功能'!E7 -> 357070
A8: 101 | B8: 税收收入 | C8: =本级一般公共预算收入!C7 -> 146361 | D8: =E8-C8 -> -26323 | E8: =本级一般公共预算收入!E7 -> 120038 | F8: 201 | G8: 一般公共服务支出 | H8: ='本级一般预算支出-功能'!C8 -> 37229 | I8: =J8-H8 -> -8284 | J8: ='本级一般预算支出-功能'!E8 -> 28945
A9: 103 | B9: 非税收入 | C9: =本级一般公共预算收入!C22 -> 117722 | D9: =E9-C9 -> 26323 | E9: =本级一般公共预算收入!E22 -> 144045 | F9: 203 | G9: 国防支出 | H9: ='本级一般预算支出-功能'!C289 -> 924 | I9: =J9-H9 -> -361 | J9: ='本级一般预算支出-功能'!E289 -> 563
A10: 二、上级补助收入 | C10: =本级一般公共预算收入!C31 -> 68815 | D10: =E10-C10 -> 80808 | E10: =本级一般公共预算收入!E31 -> 149623 | F10: 204 | G10: 公共安全支出 | H10: ='本级一般预算支出-功能'!C308 -> 26353 | I10: =J10-H10 -> -3257 | J10: ='本级一般预算支出-功能'!E308 -> 23096
A11: 11001 | B11: 返还性收入 | C11: =本级一般公共预算收入!C32 -> 28076 | D11: =E11-C11 -> 0 | E11: =本级一般公共预算收入!E32 -> 28076 | F11: 205 | G11: 教育支出 | H11: ='本级一般预算支出-功能'!C398 -> 69879 | I11: =J11-H11 -> -9366 | J11: ='本级一般预算支出-功能'!E398 -> 60513
A12: 11002 | B12: 一般性转移支付收入 | C12: =本级一般公共预算收入!C33 -> 38122 | D12: =E12-C12 -> 49534 | E12: =本级一般公共预算收入!E33 -> 87656 | F12: 206 | G12: 科学技术支出 | H12: ='本级一般预算支出-功能'!C450 -> 6788 | I12: =J12-H12 -> 5436 | J12: ='本级一般预算支出-功能'!E450 -> 12224
A13: 11003 | B13: 专项转移支付收入 | C13: =本级一般公共预算收入!C34 -> 2617 | D13: =E13-C13 -> 31274 | E13: =本级一般公共预算收入!E34 -> 33891 | F13: 207 | G13: 文化旅游体育与传媒支出 | H13: ='本级一般预算支出-功能'!C506 -> 7764 | I13: =J13-H13 -> -3837 | J13: ='本级一般预算支出-功能'!E506 -> 3927
A14: 三、债务转贷收入 | C14: =本级一般公共预算收入!C35 -> 500 | D14: =E14-C14 -> 0 | E14: =本级一般公共预算收入!E35 -> 500 | F14: 208 | G14: 社会保障和就业支出 | H14: ='本级一般预算支出-功能'!C563 -> 62789 | I14: =J14-H14 -> 2848 | J14: ='本级一般预算支出-功能'!E563 -> 65637
A15: 四、上年结转收入 | C15: =本级一般公共预算收入!C38 -> 1925 | D15: =E15-C15 -> 5200 | E15: =本级一般公共预算收入!E38 -> 7125 | F15: 210 | G15: 卫生健康支出 | H15: ='本级一般预算支出-功能'!C692 -> 29439 | I15: =J15-H15 -> 10403 | J15: ='本级一般预算支出-功能'!E692 -> 39842
A16: 五、调入资金 | C16: =本级一般公共预算收入!C40 -> 105086 | D16: =E16-C16 -> -53898 | E16: =本级一般公共预算收入!E40 -> 51188 | F16: 211 | G16: 节能环保支出 | H16: ='本级一般预算支出-功能'!C773 -> 3173 | I16: =J16-H16 -> 6462 | J16: ='本级一般预算支出-功能'!E773 -> 9635
A17: 六、动用预算稳定调节基金 | C17: =本级一般公共预算收入!C45 -> 3294 | D17: =E17-C17 -> 2147 | E17: =本级一般公共预算收入!E45 -> 5441 | F17: 212 | G17: 城乡社区支出 | H17: ='本级一般预算支出-功能'!C844 -> 18343 | I17: =J17-H17 -> 25853 | J17: ='本级一般预算支出-功能'!E844 -> 44196
A18: 七、镇上解县收入 | C18: =本级一般公共预算收入!C47 -> 25097 | D18: =E18-C18 -> 6779 | E18: =本级一般公共预算收入!E47 -> 31876 | F18: 213 | G18: 农林水支出 | H18: ='本级一般预算支出-功能'!C867 -> 35974 | I18: =J18-H18 -> -14452 | J18: ='本级一般预算支出-功能'!E867 -> 21522
F19: 214 | G19: 交通运输支出 | H19: ='本级一般预算支出-功能'!C975 -> 10779 | I19: =J19-H19 -> -1967 | J19: ='本级一般预算支出-功能'!E975 -> 8812
F20: 215 | G20: 资源勘探工业信息等支出 | H20: ='本级一般预算支出-功能'!C1028 -> 667 | I20: =J20-H20 -> 4064 | J20: ='本级一般预算支出-功能'!E1028 -> 4731
F21: 216 | G21: 商业服务业等支出 | H21: ='本级一般预算支出-功能'!C1091 -> 2040 | I21: =J21-H21 -> -602 | J21: ='本级一般预算支出-功能'!E1091 -> 1438
F22: 217 | G22: 金融支出 | H22: ='本级一般预算支出-功能'!C1111 -> 50 | I22: =J22-H22 -> -20 | J22: ='本级一般预算支出-功能'!E1111 -> 30
F23: 220 | G23: 自然资源海洋气象等支出 | H23: ='本级一般预算支出-功能'!C1150 -> 2828 | I23: =J23-H23 -> -440 | J23: ='本级一般预算支出-功能'!E1150 -> 2388
F24: 221 | G24: 住房保障支出 | H24: ='本级一般预算支出-功能'!C1195 -> 14121 | I24: =J24-H24 -> -2205 | J24: ='本级一般预算支出-功能'!E1195 -> 11916
F25: 222 | G25: 粮油物资储备支出 | H25: ='本级一般预算支出-功能'!C1216 -> 1400 | I25: =J25-H25 -> -82 | J25: ='本级一般预算支出-功能'!E1216 -> 1318
F26: 224 | G26: 灾害防治及应急管理支出 | H26: ='本级一般预算支出-功能'!C1261 -> 4087 | I26: =J26-H26 -> -898 | J26: ='本级一般预算支出-功能'!E1261 -> 3189
F27: 227 | G27: 预备费 | H27: ='本级一般预算支出-功能'!C1311 -> 5100 | I27: =J27-H27 -> 0 | J27: ='本级一般预算支出-功能'!E1311 -> 5100
F28: 229 | G28: 其他支出 | H28: ='本级一般预算支出-功能'!C1312 -> 0 | I28: =J28-H28 -> 0 | J28: ='本级一般预算支出-功能'!E1312 -> 0
F29: 232 | G29: 债务付息支出 | H29: ='本级一般预算支出-功能'!C1317 -> 8122 | I29: =J29-H29 -> -75 | J29: ='本级一般预算支出-功能'!E1317 -> 8047
F30: 233 | G30: 债务发行费用支出 | H30: ='本级一般预算支出-功能'!C1325 -> 16 | I30: =J30-H30 -> -15 | J30: ='本级一般预算支出-功能'!E1325 -> 1
F31: 二、上解支出 | H31: ='本级一般预算支出-功能'!C1330 -> 66823 | I31: =J31-H31 -> 11841 | J31: ='本级一般预算支出-功能'!E1330 -> 78664
F32: 三、县对镇的补助支出 | H32: ='本级一般预算支出-功能'!C1336 -> 53612 | I32: =J32-H32 -> 0 | J32: ='本级一般预算支出-功能'!E1336 -> 53612
F33: 四、债务还本支出 | H33: ='本级一般预算支出-功能'!C1339 -> 500 | I33: =J33-H33 -> 0 | J33: ='本级一般预算支出-功能'!E1339 -> 500
F34: 五、结转下年 | H34: ='本级一般预算支出-功能'!C1342 -> 0 | I34: =J34-H34 -> 19990 | J34: ='本级一般预算支出-功能'!E1342 -> 19990
F35: 六、安排预算稳定调节基金 | H35: ='本级一般预算支出-功能'!C1344 -> 0 | I35: =J35-H35 -> 0 | J35: ='本级一般预算支出-功能'!E1344 -> 0
A36: 收入合计 | C36: =C7+C10+C14+C15+C16+C17+C18 -> 468800 | D36: =E36-C36 -> 41036 | E36: =E7+E10+E14+E15+E16+E17+E18 -> 509836 | F36: 支出合计 | H36: =H7+H31+H32+H33+H34+H35 -> 468800 | I36: =J36-H36 -> 41036 | J36: =J7+J31+J32+J33+J34+J35 -> 509836

Sheet 本级一般公共预算收入
A1: 附件1-2
A2: 2024年鹤山市本级一般公共预算收入调整表
E3: 单位:万元
A4: 科目号 | B4: 科目名称 | C4: 2024年 预算 | D4: 第二次预算调整
D5: 调整金额 | E5: 调整后 预算数
A6: 一、一般公共预算收入 | C6: =C7+C22 -> 264083 | D6: =E6-C6 -> 0 | E6: =E7+E22 -> 264083
A7: 101 | B7: 税收收入 | C7: =SUBTOTAL(9,C8:C21) -> 146361 | D7: =E7-C7 -> -26323 | E7: =SUBTOTAL(9,E8:E21) -> 120038
A8: 10101 | B8: 增值税 | C8: 47032 | D8: =E8-C8 -> -9032 | E8: 38000
A9: 10104 | B9: 企业所得税 | C9: 10863 | D9: =E9-C9 -> 437 | E9: 11300
A10: 10106 | B10: 个人所得税 | C10: 3119 | D10: =E10-C10 -> -119 | E10: 3000
A11: 10107 | B11: 资源税 | C11: 1576 | D11: =E11-C11 -> 624 | E11: 2200
A12: 10109 | B12: 城市维护建设税 | C12: 11447 | D12: =E12-C12 -> -2457 | E12: 8990
A13: 10110 | B13: 房产税 | C13: 15312 | D13: =E13-C13 -> -1812 | E13: 13500
A14: 10111 | B14: 印花税 | C14: 3549 | D14: =E14-C14 -> 651 | E14: 4200
A15: 10112 | B15: 城镇土地使用税 | C15: 6130 | D15: =E15-C15 -> -830 | E15: 5300
A16: 10113 | B16: 土地增值税 | C16: 15662 | D16: =E16-C16 -> -5762 | E16: 9900
A17: 10114 | B17: 车船税 | C17: 2980 | D17: =E17-C17 -> 0 | E17: 2980
A18: 10118 | B18: 耕地占用税 | C18: 3558 | D18: =E18-C18 -> -3058 | E18: 500
A19: 10119 | B19: 契税 | C19: 25000 | D19: =E19-C19 -> -5000 | E19: 20000
A20: 10121 | B20: 环境保护税 | C20: 133 | D20: =E20-C20 -> 35 | E20: 168
A21: 10199 | B21: 其他税收收入 | D21: =E21-C21 -> 0
A22: 103 | B22: 非税收入 | C22: =SUBTOTAL(9,C23:C30) -> 117722 | D22: =E22-C22 -> 26323 | E22: =SUBTOTAL(9,E23:E30) -> 144045
A23: 10302 | B23: 专项收入 | C23: 13981 | D23: =E23-C23 -> 1019 | E23: 15000
A24: 10304 | B24: 行政事业性收费收入 | C24: 3838 | D24: =E24-C24 -> 1662 | E24: 5500
A25: 10305 | B25: 罚没收入 | C25: 14927 | D25: =E25-C25 -> -1677 | E25: 13250
A26: 10306 | B26: 国有资本经营收入 | C26: 11200 | D26: =E26-C26 -> 12800 | E26: 24000
A27: 10307 | B27: 国有资源（资产）有偿使用收入 | C27: 71876 | D27: =E27-C27 -> 12509 | E27: 84385
A28: 10308 | B28: 捐赠收入 | C28: 0 | D28: =E28-C28 -> 0 | E28: 0
A29: 10309 | B29: 政府住房基金收入 | C29: 1900 | D29: =E29-C29 -> 10 | E29: 1910
A30: 10399 | B30: 其他收入 | D30: =E30-C30 -> 0 | E30: 0
A31: 二、上级补助收入 | C31: =C32+C33+C34 -> 68815 | D31: =E31-C31 -> 80808 | E31: =E32+E33+E34 -> 149623
A32: 11001 | B32: 返还性收入 | C32: 28076 | D32: =E32-C32 -> 0 | E32: 28076
A33: 11002 | B33: 一般性转移支付收入 | C33: 38122 | D33: =E33-C33 -> 49534 | E33: 87656
A34: 11003 | B34: 专项转移支付收入 | C34: 2617 | D34: =E34-C34 -> 31274 | E34: 33891
A35: 三、债务转贷收入 | C35: =C36 -> 500 | D35: =E35-C35 -> 0 | E35: =E36 -> 500
A36: 1101101 | B36: 地方政府一般债务转贷收入 | C36: =C37 -> 500 | D36: =E36-C36 -> 0 | E36: =E37 -> 500
A37: 110110101 | B37: 地方政府一般债券转贷收入 | C37: 500 | D37: =E37-C37 -> 0 | E37: 500
A38: 四、上年结转收入 | C38: =C39 -> 1925 | D38: =E38-C38 -> 5200 | E38: =E39 -> 7125
A39: 11008 | B39: 上年结转收入 | C39: 1925 | D39: =E39-C39 -> 5200 | E39: 7125
A40: 五、调入资金 | C40: =C41 -> 105086 | D40: =E40-C40 -> -53898 | E40: =E41 -> 51188
A41: 1100901 | B41: 调入一般公共预算资金 | C41: =C42+C43+C44 -> 105086 | D41: =E41-C41 -> -53898 | E41: =E42+E43+E44 -> 51188
A42: 110090102 | B42: 从政府性基金预算调入一般公共预算 | C42: 104062 | D42: =E42-C42 -> -64062 | E42: 40000
A43: 110090103 | B43: 从国有资本经营预算调入一般公共预算 | C43: 701 | D43: =E43-C43 -> 0 | E43: 701
A44: 110090199 | B44: 从其他资金调入一般公共预算 | C44: 323 | D44: =E44-C44 -> 10164 | E44: 10487
A45: 六、动用预算稳定调节基金 | C45: =C46 -> 3294 | D45: =E45-C45 -> 2147 | E45: =E46 -> 5441
A46: 11015 | B46: 动用预算稳定调节基金 | C46: 3294 | D46: =E46-C46 -> 2147 | E46: 5441
A47: 七、镇上解县收入 | C47: 25097 | D47: =E47-C47 -> 6779 | E47: =26576+5300 -> 31876
A48: 收 入 合 计 | C48: =C6+C31+C35+C38+C40+C45+C47 -> 468800 | D48: =E48-C48 -> 41036 | E48: =E6+E31+E35+E38+E40+E45+E47 -> 509836

Sheet 本级一般预算支出-功能
A1: 附件1-3
A2: 2024年鹤山市本级一般公共预算支出调整表
A3: （功能分类支出）
E4: 单位:万元
A5: 科目号 | B5: 科目名称 | C5: 2024年 预算 | D5: 第二次预算调整
D6: 调整金额 | E6: 调整后 预算数
A7: 一、一般公共预算支出 | C7: =C8+C249+C289+C308+C398+C450+C506+C563+C692+C773+C844+C867+C975+C1028+C1091+C1111+C1140+C1150+C1195+C1216+C1261+C1311+C1312+C1317+C1325 -> 347865 | D7: =E7-C7 -> 9205 | E7: =E8+E249+E289+E308+E398+E450+E506+E563+E692+E773+E844+E867+E975+E1028+E1091+E1111+E1140+E1150+E1195+E1216+E1261+E1311+E1312+E1317+E1325 -> 357070
A8: 201 | B8: 一般公共服务支出 | C8: =C9+C21+C30+C40+C51+C62+C73+C81+C90+C103+C112+C123+C135+C142+C150+C156+C163+C170+C177+C184+C191+C199+C205+C211+C218+C233+C240+C246 -> 37229 | D8: =E8-C8 -> -8284 | E8: =E9+E21+E30+E40+E51+E62+E73+E81+E90+E103+E112+E123+E135+E142+E150+E156+E163+E170+E177+E184+E191+E199+E205+E211+E218+E233+E240+E246 -> 28945
A9: 20101 | B9: 人大事务 | C9: =SUM(C10:C20) -> 1386 | D9: =E9-C9 -> -449 | E9: =SUM(E10:E20) -> 937
A10: 2010101 | B10: 行政运行 | C10: 873 | D10: =E10-C10 -> -83 | E10: 790
A11: 2010102 | B11: 一般行政管理事务 | C11: 0 | D11: =E11-C11 -> 0 | E11: 0
A12: 2010103 | B12: 机关服务 | C12: 0 | D12: =E12-C12 -> 0 | E12: 0
A13: 2010104 | B13: 人大会议 | C13: 52 | D13: =E13-C13 -> -35 | E13: 17
A14: 2010105 | B14: 人大立法 | C14: 4 | D14: =E14-C14 -> -3 | E14: 1
A15: 2010106 | B15: 人大监督 | C15: 0 | D15: =E15-C15 -> 0 | E15: 0
A16: 2010107 | B16: 人大代表履职能力提升 | C16: 3 | D16: =E16-C16 -> -3 | E16: 0
A17: 2010108 | B17: 代表工作 | C17: 101 | D17: =E17-C17 -> -36 | E17: 65
A18: 2010109 | B18: 人大信访工作 | C18: 0 | D18: =E18-C18 -> 0 | E18: 0
A19: 2010150 | B19: 事业运行 | C19: 0 | D19: =E19-C19 -> 0 | E19: 0
A20: 2010199 | B20: 其他人大事务支出 | C20: 353 | D20: =E20-C20 -> -289 | E20: 64
A21: 20102 | B21: 政协事务 | C21: =SUM(C22:C29) -> 884 | D21: =E21-C21 -> -177 | E21: =SUM(E22:E29) -> 707
A22: 2010201 | B22: 行政运行 | C22: 647 | D22: =E22-C22 -> -55 | E22: 592
A23: 2010202 | B23: 一般行政管理事务 | C23: 0 | D23: =E23-C23 -> 0 | E23: 0
A24: 2010203 | B24: 机关服务 | C24: 0 | D24: =E24-C24 -> 0 | E24: 0
A25: 2010204 | B25: 政协会议 | C25: 107 | D25: =E25-C25 -> -51 | E25: 56
A26: 2010205 | B26: 委员视察 | C26: 31 | D26: =E26-C26 -> -24 | E26: 7
A27: 2010206 | B27: 参政议政 | C27: 12 | D27: =E27-C27 -> -9 | E27: 3
A28: 2010250 | B28: 事业运行 | C28: 0 | D28: =E28-C28 -> 0 | E28: 0
A29: 2010299 | B29: 其他政协事务支出 | C29: 87 | D29: =E29-C29 -> -38 | E29: 49
A30: 20103 | B30: 政府办公厅（室）及相关机构事务 | C30: =SUM(C31:C39) -> 5408 | D30: =E30-C30 -> -1063 | E30: =SUM(E31:E39) -> 4345
A31: 2010301 | B31: 行政运行 | C31: 2088 | D31: =E31-C31 -> -85 | E31: 2003
A32: 2010302 | B32: 一般行政管理事务 | C32: 0 | D32: =E32-C32 -> 0 | E32: 0
A33: 2010303 | B33: 机关服务 | C33: 161 | D33: =E33-C33 -> -108 | E33: 53
A34: 2010304 | B34: 专项服务 | C34: 0 | D34: =E34-C34 -> 0 | E34: 0
A35: 2010305 | B35: 专项业务及机关事务管理 | C35: 100 | D35: =E35-C35 -> -75 | E35: 25
A36: 2010306 | B36: 政务公开审批 | C36: 60 | D36: =E36-C36 -> -28 | E36: 32
A37: 2010309 | B37: 参事事务 | C37: 0 | D37: =E37-C37 -> 0 | E37: 0
A38: 2010350 | B38: 事业运行 | C38: 1682 | D38: =E38-C38 -> -219 | E38: 1463
A39: 2010399 | B39: 其他政府办公厅（室）及相关机构事务支出 | C39: 1317 | D39: =E39-C39 -> -548 | E39: 769
A40: 20104 | B40: 发展与改革事务 | C40: =SUM(C41:C50) -> 3035 | D40: =E40-C40 -> -522 | E40: =SUM(E41:E50) -> 2513
A41: 2010401 | B41: 行政运行 | C41: 741 | D41: =E41-C41 -> -73 | E41: 668
A42: 2010402 | B42: 一般行政管理事务 | C42: 34 | D42: =E42-C42 -> -9 | E42: 25
A43: 2010403 | B43: 机关服务 | C43: 0 | D43: =E43-C43 -> 0 | E43: 0
A44: 2010404 | B44: 战略规划与实施 | C44: 72 | D44: =E44-C44 -> -35 | E44: 37
A45: 2010405 | B45: 日常经济运行调节 | C45: 0 | D45: =E45-C45 -> 0 | E45: 0
A46: 2010406 | B46: 社会事业发展规划 | C46: 11 | D46: =E46-C46 -> 6 | E46: 17
A47: 2010407 | B47: 经济体制改革研究 | C47: 0 | D47: =E47-C47 -> 0 | E47: 0
A48: 2010408 | B48: 物价管理 | C48: 15 | D48: =E48-C48 -> -10 | E48: 5
A49: 2010450 | B49: 事业运行 | C49: 101 | D49: =E49-C49 -> -6 | E49: 95
A50: 2010499 | B50: 其他发展与改革事务支出 | C50: 2061 | D50: =E50-C50 -> -395 | E50: 1666
A51: 20105 | B51: 统计信息事务 | C51: =SUM(C52:C61) -> 749 | D51: =E51-C51 -> -17 | E51: =SUM(E52:E61) -> 732
A52: 2010501 | B52: 行政运行 | C52: 331 | D52: =E52-C52 -> -40 | E52: 291
A53: 2010502 | B53: 一般行政管理事务 | C53: 0 | D53: =E53-C53 -> 0 | E53: 0
A54: 2010503 | B54: 机关服务 | C54: 0 | D54: =E54-C54 -> 0 | E54: 0
A55: 2010504 | B55: 信息事务 | C55: 0 | D55: =E55-C55 -> 0 | E55: 0
A56: 2010505 | B56: 专项统计业务 | C56: 207 | D56: =E56-C56 -> 67 | E56: 274
A57: 2010506 | B57: 统计管理 | C57: 72 | D57: =E57-C57 -> 5 | E57: 77
A58: 2010507 | B58: 专项普查活动 | C58: 139 | D58: =E58-C58 -> -49 | E58: 90
A59: 2010508 | B59: 统计抽样调查 | C59: 0 | D59: =E59-C59 -> 0 | E59: 0
A60: 2010550 | B60: 事业运行 | C60: 0 | D60: =E60-C60 -> 0 | E60: 0
A61: 2010599 | B61: 其他统计信息事务支出 | C61: 0 | D61: =E61-C61 -> 0 | E61: 0
A62: 20106 | B62: 财政事务 | C62: =SUM(C63:C72) -> 2389 | D62: =E62-C62 -> -288 | E62: =SUM(E63:E72) -> 2101
A63: 2010601 | B63: 行政运行 | C63: 1180 | D63: =E63-C63 -> 63 | E63: 1243
A64: 2010602 | B64: 一般行政管理事务 | C64: 0 | D64: =E64-C64 -> 0 | E64: 0
A65: 2010603 | B65: 机关服务 | C65: 94 | D65: =E65-C65 -> -46 | E65: 48
A66: 2010604 | B66: 预算改革业务 | C66: 0 | D66: =E66-C66 -> 0 | E66: 0
A67: 2010605 | B67: 财政国库业务 | C67: 118 | D67: =E67-C67 -> -97 | E67: 21
A68: 2010606 | B68: 财政监察 | C68: 27 | D68: =E68-C68 -> -19 | E68: 8
A69: 2010607 | B69: 信息化建设 | C69: 50 | D69: =E69-C69 -> -50 | E69: 0
A70: 2010608 | B70: 财政委托业务支出 | C70: 0 | D70: =E70-C70 -> 0 | E70: 0
A71: 2010650 | B71: 事业运行 | C71: 578 | D71: =E71-C71 -> -23 | E71: 555
A72: 2010699 | B72: 其他财政事务支出 | C72: 342 | D72: =E72-C72 -> -116 | E72: 226
A73: 20107 | B73: 税收事务 | C73: =SUM(C74:C80) -> 7500 | D73: =E73-C73 -> -1336 | E73: =SUM(E74:E80) -> 6164
A74: 2010701 | B74: 行政运行 | C74: 0 | D74: =E74-C74 -> 3926 | E74: 3926
A75: 2010702 | B75: 一般行政管理事务 | C75: 0 | D75: =E75-C75 -> 0 | E75: 0
A76: 2010703 | B76: 机关服务 | C76: 0 | D76: =E76-C76 -> 0 | E76: 0
A77: 2010709 | B77: 信息化建设 | C77: 0 | D77: =E77-C77 -> 0 | E77: 0
A78: 2010710 | B78: 税收业务 | C78: 0 | D78: =E78-C78 -> 0 | E78: 0
A79: 2010750 | B79: 事业运行 | C79: 0 | D79: =E79-C79 -> 0 | E79: 0
A80: 2010799 | B80: 其他税收事务支出 | C80: 7500 | D80: =E80-C80 -> -5262 | E80: 2238
A81: 20108 | B81: 审计事务 | C81: =SUM(C82:C89) -> 680 | D81: =E81-C81 -> -130 | E81: =SUM(E82:E89) -> 550
A82: 2010801 | B82: 行政运行 | C82: 421 | D82: =E82-C82 -> -19 | E82: 402
A83: 2010802 | B83: 一般行政管理事务 | C83: 0 | D83: =E83-C83 -> 0 | E83: 0
A84: 2010803 | B84: 机关服务 | C84: 0 | D84: =E84-C84 -> 0 | E84: 0
A85: 2010804 | B85: 审计业务 | C85: 78 | D85: =E85-C85 -> -60 | E85: 18
A86: 2010805 | B86: 审计管理 | C86: 0 | D86: =E86-C86 -> 0 | E86: 0
A87: 2010806 | B87: 信息化建设 | C87: 0 | D87: =E87-C87 -> 0 | E87: 0
A88: 2010850 | B88: 事业运行 | C88: 0 | D88: =E88-C88 -> 0 | E88: 0
A89: 2010899 | B89: 其他审计事务支出 | C89: 181 | D89: =E89-C89 -> -51 | E89: 130
A90: 20109 | B90: 海关事务 | C90: =SUM(C91:C102) -> 165 | D90: =E90-C90 -> -9 | E90: =SUM(E91:E102) -> 156
A91: 2010901 | B91: 行政运行 | C91: 0 | D91: =E91-C91 -> 0
A92: 2010902 | B92: 一般行政管理事务 | C92: 0 | D92: =E92-C92 -> 0
A93: 2010903 | B93: 机关服务 | C93: 0 | D93: =E93-C93 -> 0
A94: 2010905 | B94: 缉私办案 | C94: 0 | D94: =E94-C94 -> 0
A95: 2010907 | B95: 口岸管理 | C95: 0 | D95: =E95-C95 -> 0
A96: 2010908 | B96: 信息化建设 | C96: 0 | D96: =E96-C96 -> 0
A97: 2010909 | B97: 海关关务 | C97: 0 | D97: =E97-C97 -> 0
A98: 2010910 | B98: 关税征管 | C98: 0 | D98: =E98-C98 -> 0
A99: 2010911 | B99: 海关监管 | C99: 0 | D99: =E99-C99 -> 0
A100: 2010912 | B100: 检验检疫 | C100: 0 | D100: =E100-C100 -> 0
...

Sheet 本级一般预算支出-经济
A1: 附件1-4
A2: 2024年鹤山市本级一般公共预算支出调整表
A3: （经济分类支出）
E4: 单位:万元
A5: 科目号 | B5: 科目名称 | C5: 2024年 预算 | D5: 第二次预算调整
D6: 调整金额 | E6: 调整后 预算数
A7: 一、一般公共预算支出 | C7: =C8+C13+C24+C32+C39+C43+C46+C50+C53+C59+C62+C67+C70 -> 347865 | D7: =E7-C7 -> 9205 | E7: =E8+E13+E24+E32+E39+E43+E46+E50+E53+E59+E62+E67+E70 -> 357070
A8: 501 | B8: 机关工资福利支出 | C8: =SUM(C9:C12) -> 79511 | D8: =E8-C8 -> -1911 | E8: =SUM(E9:E12) -> 77600
A9: 50101 | B9: 工资奖金津补贴 | C9: 40369 | D9: =E9-C9 -> 1931 | E9: 42300
A10: 50102 | B10: 社会保障缴费 | C10: 11467 | D10: =E10-C10 -> 233 | E10: 11700
A11: 50103 | B11: 住房公积金 | C11: 4410 | D11: =E11-C11 -> 690 | E11: 5100
A12: 50199 | B12: 其他工资福利支出 | C12: 23265 | D12: =E12-C12 -> -4765 | E12: 18500
A13: 502 | B13: 机关商品和服务支出 | C13: =SUM(C14:C23) -> 43987 | D13: =E13-C13 -> -16097 | E13: =SUM(E14:E23) -> 27890
A14: 50201 | B14: 办公经费 | C14: 9169 | D14: =E14-C14 -> -1169 | E14: 8000
A15: 50202 | B15: 会议费 | C15: 175 | D15: =E15-C15 -> -105 | E15: 70
A16: 50203 | B16: 培训费 | C16: 511 | D16: =E16-C16 -> -291 | E16: 220
A17: 50204 | B17: 专用材料购置费 | C17: 826 | D17: =E17-C17 -> 174 | E17: 1000
A18: 50205 | B18: 委托业务费 | C18: 9485 | D18: =E18-C18 -> -2685 | E18: 6800
A19: 50206 | B19: 公务接待费 | C19: 312 | D19: =E19-C19 -> -212 | E19: 100
A20: 50207 | B20: 因公出国（境）费用 | C20: 57 | D20: =E20-C20 -> 0 | E20: 57
A21: 50208 | B21: 公务用车运行维护费 | C21: 590 | D21: =E21-C21 -> 0 | E21: 590
A22: 50209 | B22: 维修(护)费 | C22: 578 | D22: =E22-C22 -> -28 | E22: 550
A23: 50299 | B23: 其他商品和服务支出 | C23: 22284 | D23: =E23-C23 -> -11781 | E23: 10503
A24: 503 | B24: 机关资本性支出 | C24: =SUM(C25:C31) -> 14610 | D24: =E24-C24 -> -8367 | E24: =SUM(E25:E31) -> 6243
A25: 50301 | B25: 房屋建筑物购建 | C25: 47 | D25: =E25-C25 -> 0 | E25: 47
A26: 50302 | B26: 基础设施建设 | C26: 11426 | D26: =E26-C26 -> -7926 | E26: 3500
A27: 50303 | B27: 公务用车购置 | C27: 66 | D27: =E27-C27 -> 0 | E27: 66
A28: 50305 | B28: 土地征迁补偿和安置支出 | C28: 0 | D28: =E28-C28 -> 0 | E28: 0
A29: 50306 | B29: 设备购置 | C29: 1850 | D29: =E29-C29 -> -1020 | E29: 830
A30: 50307 | B30: 大型修缮 | C30: 419 | D30: =E30-C30 -> -119 | E30: 300
A31: 50399 | B31: 其他资本性支出 | C31: 802 | D31: =E31-C31 -> 698 | E31: 1500
A32: 504 | B32: 机关资本性支出（基本建设） | C32: =SUM(C33:C38) -> 0 | D32: =E32-C32 -> 0 | E32: =SUM(E33:E38) -> 0
A33: 50401 | B33: 房屋建筑物购建 | D33: =E33-C33 -> 0
A34: 50402 | B34: 基础设施建设 | D34: =E34-C34 -> 0
A35: 50403 | B35: 公务用车购置 | D35: =E35-C35 -> 0
A36: 50404 | B36: 设备购置 | D36: =E36-C36 -> 0
A37: 50405 | B37: 大型修缮 | D37: =E37-C37 -> 0
A38: 50499 | B38: 其他资本性支出 | D38: =E38-C38 -> 0
A39: 505 | B39: 对事业单位经常性补助 | C39: =SUM(C40:C42) -> 107367 | D39: =E39-C39 -> -11967 | E39: =SUM(E40:E42) -> 95400
A40: 50501 | B40: 工资福利支出 | C40: 84329 | D40: =E40-C40 -> -729 | E40: 83600
A41: 50502 | B41: 商品和服务支出 | C41: 23038 | D41: =E41-C41 -> -11238 | E41: 11800
A42: 50599 | B42: 其他对事业单位补助 | D42: =E42-C42 -> 0
A43: 506 | B43: 对事业单位资本性补助 | C43: =SUM(C44:C45) -> 20482 | D43: =E43-C43 -> -3562 | E43: =SUM(E44:E45) -> 16920
A44: 50601 | B44: 资本性支出 | C44: 20482 | D44: =E44-C44 -> -3562 | E44: 16920
A45: 50602 | B45: 资本性支出（基本建设） | D45: =E45-C45 -> 0
A46: 507 | B46: 对企业补助 | C46: =SUM(C47:C49) -> 13224 | D46: =E46-C46 -> 38418 | E46: =SUM(E47:E49) -> 51642
A47: 50701 | B47: 费用补贴 | C47: 6682 | D47: =E47-C47 -> 6660 | E47: 13342
A48: 50702 | B48: 利息补贴 | C48: 0 | D48: =E48-C48 -> 0 | E48: 0
A49: 50799 | B49: 其他对企业补助 | C49: 6542 | D49: =E49-C49 -> 31758 | E49: 38300
A50: 508 | B50: 对企业资本性支出 | C50: =SUM(C51:C52) -> 0 | D50: =E50-C50 -> 2000 | E50: =SUM(E51:E52) -> 2000
A51: 50803 | B51: 资本金注入 | C51: 0 | D51: =E51-C51 -> 2000 | E51: 2000
A52: 50804 | B52: 资本金注入（基本建设） | D52: =E52-C52 -> 0
A53: 509 | B53: 对个人和家庭的补助 | C53: =SUM(C54:C58) -> 36872 | D53: =E53-C53 -> -1304 | E53: =SUM(E54:E58) -> 35568
A54: 50901 | B54: 社会福利和救助 | C54: 11078 | D54: =E54-C54 -> 3822 | E54: 14900
A55: 50902 | B55: 助学金 | C55: 368 | D55: =E55-C55 -> 0 | E55: 368
A56: 50903 | B56: 个人农业生产补贴 | C56: 2233 | D56: =E56-C56 -> -433 | E56: 1800
A57: 50905 | B57: 离退休费 | C57: 14294 | D57: =E57-C57 -> -394 | E57: 13900
A58: 50999 | B58: 其他对个人和家庭的补助 | C58: 8899 | D58: =E58-C58 -> -4299 | E58: 4600
A59: 510 | B59: 对社会保障基金补助 | C59: =SUM(C60:C61) -> 16065 | D59: =E59-C59 -> 14585 | E59: =SUM(E60:E61) -> 30650
A60: 51002 | B60: 对社会保险基金补助 | C60: 16065 | D60: =E60-C60 -> 14585 | E60: 30650
A61: 51003 | B61: 补充全国社会保障基金 | D61: =E61-C61 -> 0
A62: 511 | B62: 债务利息及费用支出 | C62: =SUM(C63:C66) -> 8138 | D62: =E62-C62 -> -90 | E62: =SUM(E63:E66) -> 8048
A63: 51101 | B63: 国内债务付息 | C63: 8122 | D63: =E63-C63 -> -75 | E63: 8047
A64: 51102 | B64: 国外债务付息 | D64: =E64-C64 -> 0
A65: 51103 | B65: 国内债务发行费用 | C65: 16 | D65: =E65-C65 -> -15 | E65: 1
A66: 51104 | B66: 国外债务发行费用 | D66: =E66-C66 -> 0
A67: 514 | B67: 预备费及预留 | C67: =SUM(C68:C69) -> 7600 | D67: =E67-C67 -> -2500 | E67: =SUM(E68:E69) -> 5100
A68: 51401 | B68: 预备费 | C68: 5100 | D68: =E68-C68 -> 0 | E68: ='本级一般预算支出-功能'!E1311 -> 5100
A69: 51402 | B69: 预留 | C69: 2500 | D69: =E69-C69 -> -2500 | E69: 0
A70: 599 | B70: 其他支出 | C70: =SUM(C71:C73) -> 9 | D70: =E70-C70 -> 0 | E70: =SUM(E71:E73) -> 9
A71: 59907 | B71: 国家赔偿费用支出 | C71: 9 | D71: =E71-C71 -> 0 | E71: 9
A72: 59908 | B72: 对民间非营利组织和群众性自治组织补贴 | D72: =E72-C72 -> 0
A73: 59999 | B73: 其他支出 | C73: 0 | D73: =E73-C73 -> 0
A74: 二、上解支出 | C74: =C75+C76 -> 66823 | D74: =E74-C74 -> 11841 | E74: =E75+E76 -> 78664
A75: 2300601 | B75: 体制上解支出 | C75: ='本级一般预算支出-功能'!C1331 -> 5005 | D75: =E75-C75 -> 0 | E75: ='本级一般预算支出-功能'!E1331 -> 5005
A76: 2300602 | B76: 专项上解支出 | C76: ='本级一般预算支出-功能'!C1332 -> 61818 | D76: =E76-C76 -> 11841 | E76: ='本级一般预算支出-功能'!E1332 -> 73659
B77: 其中：出口退税上解 | C77: ='本级一般预算支出-功能'!C1333 -> 12064 | D77: =E77-C77 -> 0 | E77: ='本级一般预算支出-功能'!E1333 -> 12064
B78: 上解江门统筹发展资金 | C78: ='本级一般预算支出-功能'!C1334 -> 16756 | D78: =E78-C78 -> 5000 | E78: ='本级一般预算支出-功能'!E1334 -> 21756
B79: 其他专项上解 | C79: ='本级一般预算支出-功能'!C1335 -> 32998 | D79: =E79-C79 -> 6841 | E79: ='本级一般预算支出-功能'!E1335 -> 39839
A80: 三、县对镇的补助支出 | C80: =C81+C82 -> 53612 | D80: =E80-C80 -> 0 | E80: =E81+E82 -> 53612
A81: 2300201 | B81: 体制补助支出 | C81: ='本级一般预算支出-功能'!C1337 -> 1582 | D81: =E81-C81 -> 0 | E81: ='本级一般预算支出-功能'!E1337 -> 1582
A82: 2300299 | B82: 其他一般性转移支付支出 | C82: ='本级一般预算支出-功能'!C1338 -> 52030 | D82: =E82-C82 -> 0 | E82: ='本级一般预算支出-功能'!E1338 -> 52030
A83: 四、债务还本支出 | C83: =C84 -> 500 | D83: =E83-C83 -> 0 | E83: =E84 -> 500
A84: 23103 | B84: 地方政府一般债务还本支出 | C84: =C85 -> 500 | D84: =E84-C84 -> 0 | E84: =E85 -> 500
A85: 2310301 | B85: 地方政府一般债券还本支出 | C85: ='本级一般预算支出-功能'!C1341 -> 500 | D85: =E85-C85 -> 0 | E85: ='本级一般预算支出-功能'!E1341 -> 500
A86: 五、结转下年 | C86: =C87 -> 0 | D86: =E86-C86 -> 19990 | E86: =E87 -> 19990
A87: 23009 | B87: 结转下年 | C87: =C89-C7-C74-C80-C83-C88-C88 -> 0 | D87: =E87-C87 -> 19990 | E87: =E89-E7-E74-E80-E83-E88-E88 -> 19990
A88: 六、安排预算稳定调节基金 | C88: 0 | D88: =E88-C88 -> 0 | E88: 0
A89: 支出合计 | C89: ='本级一般预算支出-功能'!C1345 -> 468800 | D89: =E89-C89 -> 41036 | E89: ='本级一般预算支出-功能'!E1345 -> 509836
